 Dungeon Crawl Stone Soup version 0.31-a0-1612-g4aaf141 (webtiles) character file.

Game seed: 8920365455328833495

123 Dorkslayer the Ducker (level 5, 0/36 HPs)
             Began as an Octopode Fighter on Jan 9, 2024.
             Slain by a kobold
             ... wielding a +0 short sword
              (5 damage)
             ... on level 3 of the Dungeon.
             The game lasted 00:06:55 (2096 turns).

Dorkslayer the Ducker (Octopode Fighter)            Turns: 2096, Time: 00:07:22

Health: 0/36       AC:  1    Str: 16    XL:     5   Next: 7%
Magic:  5/5        EV: 13    Int: 10    God:
Gold:   156        SH:  4    Dex: 13    Spells: 4/4 levels left

rFire   . . .        a - +0 long sword
rCold   . . .        b - +0 buckler
rNeg    . . .        (helmet restricted)
rPois   .            (no amulet)
rElec   .            (no ring)
rCorr   .            (no ring)
SInv    .            (no ring)
Will    .....        (no ring)
Stlth   +++          (no ring)
HPRegen 0.26/turn    (no ring)
MPRegen 0.09/turn    (no ring)
                     (no ring)

%: no passive effects
@: no status effects
A: almost no armour, amphibious, 8 rings, camouflage 1, gelatinous body 1,
(nimble swimmer 1), tentacles
a: no special abilities


You were on level 3 of the Dungeon.
You visited 1 branch of the dungeon, and saw 3 of its levels.

You collected 156 gold pieces.

Inventory:

Hand Weapons
 a - a +0 long sword (weapon)
Armour
 b - a +0 buckler (worn)
Talismans
 i - a flux talisman
Scrolls
 f - a scroll of torment {unknown}
Potions
 c - a potion of might
 d - a potion of ambrosia
 e - a potion of curing {unknown}
 g - a potion of haste {unknown}
 j - 2 potions of berserk rage


   Skills:
 + Level 3.4 Fighting
 + Level 3.0 Long Blades
 * Level 3.8 Dodging
 + Level 1.9 Stealth
 + Level 3.3 Shields
 * Level 1.2 Shapeshifting


You had 4 spell levels left.
You didn't know any spells.
Your spell library contained the following spells:

 Spells                   Type           Power      Damage    Failure   Level
 Apportation              Tloc           0%         N/A       43%         1
 Necrotise                Necr           0%         1d4       43%         1
 Sting                    Conj/Alch      0%         1d3       43%         1
 Summon Small Mammal      Summ           0%         N/A       43%         1


Dungeon Overview and Level Annotations

Branches:
Dungeon (3/15)

Altars:

Annotations:
D:3 Robin


Innate Abilities, Weirdness & Mutations

You cannot wear most types of armour.
You are amphibious.
You can wear up to eight rings at the same time.
Your skin changes colour to match your surroundings (Stealth+).
Your rubbery body absorbs attacks. (AC +1, EV +1)
((You are camouflaged when in or above water. (Stealth+)))
You have tentacles for arms and can constrict up to eight enemies at once.


Message History

You miss the goblin. You grab the goblin. You constrict the goblin.
The goblin hits you with a +0 dagger. You block the kobold's attack.
You slash the goblin!
You kill the goblin!
The kobold hits you with a +0 short sword.
A rat comes into view.
The frilled lizard closely misses you.
The kobold hits you with a +0 short sword.
You barely miss the frilled lizard. Your grab misses the frilled lizard.
You squeeze the frilled lizard.
You kill the frilled lizard!
The kobold closely misses you.
You closely miss the hobgoblin. You grab the hobgoblin.
You constrict the hobgoblin. The hobgoblin hits you.
The kobold closely misses you. The kobold misses you. The hobgoblin misses you.
You slash the hobgoblin!
You kill the hobgoblin!
The kobold hits you with a +0 short sword.
The goblin unwields a +0 club.
The goblin wields a +0 sling.
The goblin shoots a sling bullet.
The sling bullet barely misses you.
You closely miss the goblin. Your grab misses the goblin.
The goblin hits you with a +0 club.
* * * LOW HITPOINT WARNING * * *
The kobold hits you with a +0 short sword.
* * * LOW HITPOINT WARNING * * *
You barely miss the goblin. You grab the goblin. You constrict the goblin.
You block the goblin's attack. The kobold barely misses you.
You hit the goblin.
The goblin is heavily wounded.
You constrict the goblin.
The goblin no longer looks unusually strong. x2
You block the goblin's attack. The kobold closely misses you.
The goblin barely misses you. You block the kobold's attack.
You hit the goblin.
You kill the goblin!
The hobgoblin no longer looks unusually strong.
The goblin shoots a sling bullet.
The sling bullet hits you.
* * * LOW HITPOINT WARNING * * *
The kobold hits you with a +0 short sword.
You die...

+........#
#........#
#........#
#####<####
#.###
#>..#
#.#g##
#.KS.#
#@#....#
#)#......


ggr ....# .ggg...#.. ...?...S# # .........# #.........# #.........# You could
see an adder, a hobgoblin, 5 goblins, a kobold and a rat.

Vanquished Creatures
  Jessica (D:2)
  4 adders (D:2)
  A dart slug (D:2)
  2 ribbon worms (D:2)
  5 bats
  5 endoplasms (D:1)
  2 giant cockroaches
  10 goblins
  8 hobgoblins
  4 kobolds
  2 ball pythons
  4 frilled lizards
  7 rats
55 creatures vanquished.

Notes
Turn   | Place    | Note
-------+----------+-------------------------------------------
     0 | D:1      | Dorkslayer the Octopode Fighter began the quest for the
                  | Orb.
     0 | D:1      | Reached XP level 1. HP: 16/16 MP: 1/1
   113 | D:1      | Reached XP level 2. HP: 21/21 MP: 2/2
   368 | D:1      | Found a faded altar of an unknown god.
   569 | D:1      | Reached XP level 3. HP: 26/26 MP: 3/3
  1077 | D:2      | Reached skill level 1 in Stealth
  1485 | D:2      | Reached XP level 4. HP: 28/31 MP: 4/4
  1746 | D:2      | Noticed Jessica
  1752 | D:2      | Killed Jessica
  1961 | D:2      | Reached skill level 1 in Shapeshifting
  1961 | D:2      | Reached XP level 5. HP: 14/36 MP: 5/5
  2083 | D:3      | Noticed Robin
  2096 | D:3      | Slain by a kobold

Illustrated notes

Levels and vault maps discovered:
D:1:      psy_arrival_radial01, layout_basic, basic_ecumenical_altar,
          minmay_hexomino_r4
D:2:      layout_basic, serial_rivers, chequers_serial_rivers_small_3,
          chequers_serial_rivers_micro_b, chequers_serial_rivers_room_a,
          chequers_serial_rivers_small_a, chequers_serial_rivers_micro_a,
          chequers_serial_rivers_small_a, uniq_jessica
D:3:      layout_basic, mainiacjoe_overflow_chevrons, uniq_robin

Skill      XL: |  1  2  3  4 |
---------------+-------------+-----
Stealth        | 1 |  1.9
Long Blades    | 3 |  3.0
Shapeshifting  | 1 |  1.2
Fighting       | |  3.4
Dodging        | |  3.8
Shields        | |  3.3

Action                     |  1- 3 |  4- 6 || total
---------------------------+-------+-------++-------
  Melee: Long sword        |    74 |    40 ||   114
         Constrict         |    16 |     8 ||    24
         Tentacles         |    15 |     5 ||    20
         Punch             |     1 |     1 ||     2
    Use: Scroll            |     5 |       ||     5
   Stab: Sleeping          |     8 |     4 ||    12
 Armour: Skin              |    33 |    25 ||    58
  Dodge: Dodged            |    32 |    28 ||    60
  Block: Buckler           |    13 |     8 ||    21

Table legend: (Time is in decaauts)
 A = Elapsed time spent in this place.
 B = Non-inter-level travel time spent in this place.
 C = Inter-level travel time spent in this place.
 D = Time resting spent in this place.
 E = Time spent auto-exploring this place.
 F = Levels seen in this place.
 G = Mean time per level.
                   A        B        C        D        E       F      G
               +--------+--------+--------+--------+--------+-----+--------+
         Total |   2132 |   2132 |      0 |      0 |   1286 |   3 |  710.7 |
       Dungeon |   2132 |   2132 |      0 |      0 |   1286 |   3 |  710.7 |
               +--------+--------+--------+--------+--------+-----+--------+

Top non-repeatable levels by time:
     D:1: 1090 daAuts
     D:2: 1013 daAuts
     D:3: 28 daAuts
